 Dungeon Crawl Stone Soup version 0.24.1-4-ge52af88ad5 (webtiles) character file.

Game seed: 10027899743272075225, levelgen mode: deterministic

6290 Frank2 the Basher (level 10, -3/77 HPs)
             Began as a Demonspawn Gladiator on Apr 12, 2020.
             Slain by an ogre
             ... wielding a +0 giant club
              (27 damage)
             ... on level 9 of the Dungeon.
             The game lasted 00:13:22 (8047 turns).

Frank2 the Basher (Demonspawn Gladiator)            Turns: 8047, Time: 00:13:22

Health: -3/77      AC: 11    Str: 15    XL:     10   Next: 63%
Magic:  11/11      EV: 15    Int: 10    God:
Gold:   442        SH:  0    Dex: 19    Spells: 9/9 levels left

rFire    . . .     SeeInvis .   a - +2 flail (freeze)
rCold    . . .     Gourm    .   (no shield)
rNeg     . . .     Faith    .   l - +2 ring mail
rPois    .         Spirit   .   c - +2 helmet
rElec    .         Reflect  .   (no cloak)
rCorr    .         Harm     .   (no gloves)
MR       .....                  (no boots)
Stlth    ++........             (no amulet)
HPRegen  0.22/turn              (no ring)
MPRegen  0.12/turn              (no ring)

@: very slightly contaminated
A: thin skeletal structure 1, powered by pain 3, spiny 2
a: no special abilities


You were on level 9 of the Dungeon.
You were very hungry.

You visited 1 branch of the dungeon, and saw 9 of its levels.
You also visited: Sewer and Ossuary.

You collected 442 gold pieces.

Inventory:

Hand Weapons
 a - a +2 flail of freezing (weapon)
Missiles
 d - 3 throwing nets (quivered)
Armour
 c - a +2 helmet (worn)
 l - a +2 ring mail (worn)
Jewellery
 o - an uncursed ring of protection from cold
 t - the ring of Wufaakhu {Slay+3 Stlth-, unknown}
   (You found it on level 7 of the Dungeon)

   [ring of attention]

   It affects your accuracy and damage with ranged weapons and melee attacks
   (+3).
   It makes you less stealthy.
 u - an uncursed ring of wizardry {unknown}
 v - an uncursed ring of magical power {unknown}
Wands
 b - a wand of iceblast (3)
 g - a wand of paralysis (13)
Scrolls
 e - 5 scrolls of teleportation
 k - 9 scrolls of remove curse
 p - 3 scrolls of fear
 q - 9 scrolls of identify
 r - a scroll of fog
 y - a scroll of amnesia
 z - a scroll of enchant armour
 C - a scroll of brand weapon
Potions
 h - 5 potions of flight
 i - 5 potions of curing
 j - 3 potions of haste
 m - a potion of might
 s - a potion of brilliance
 w - a potion of mutation {unknown}
 A - a potion of cancellation {unknown}
 B - a potion of heal wounds {unknown}
 D - a potion of degeneration {unknown}
Comestibles
 f - 19 rations
 x - 2 chunks of flesh


   Skills:
 + Level 6.6 Fighting
 + Level 10.8 Maces & Flails
 - Level 1.7 Throwing
 + Level 6.4 Armour
 + Level 6.2 Dodging
 + Level 1.5 Evocations


You had 9 spell levels left.
You didn't know any spells.
Your spell library contained the following spells:

 Spells                   Type           Power        Failure   Level  Hunger
 Animate Skeleton         Necr           N/A          56%         1    ##.....
 Beastly Appendage        Tmut           #.....       56%         1    ##.....
 Pain                     Necr           #...         56%         1    ##.....
 Sticks to Snakes         Tmut           #.......     71%         2    ###....
 Regeneration             Chrm/Necr      #.........   90%         3    ####...
 Spider Form              Tmut/Pois      #.........   90%         3    ####...
 Vampiric Draining        Necr           #.........   90%         3    ####...
 Animate Dead             Necr           N/A          100%        4    #####..
 Ice Form                 Ice/Tmut       #.......     100%        4    #####..
 Blade Hands              Tmut           #.........   100%        5    ######.


Dungeon Overview and Level Annotations

Branches:
Dungeon (9/15)             Temple (0/1) D:5             Orc (0/2) D:9
  Sewer (visited)         Ossuary (visited)
   Lair: D:8-11

Altars:
Cheibriados
Fedhas
Gozag
Nemelex Xobeh
Okawaru
Ru
Trog
Uskayaw
Wu Jian
Xom

Shops:
D:6 *:

Annotations:
D:6 1 runed translucent door


Innate Abilities, Weirdness & Mutations

You have a somewhat thin skeletal structure. (Dex +2, Stealth)
You are powered by pain.
You are mostly covered in sharp spines.


Message History

You hear a shout! x7; You hear two shouts!
You hear a howl!
You hear a shout!
You hit the hippogriff. You freeze the hippogriff.
The hippogriff is moderately wounded.
The hippogriff is struck by your spines.
The hippogriff bites you!
* * * LOW HITPOINT WARNING * * *
The hippogriff misses you.
The hippogriff claws you but does no damage.
Blink to where?
Press: ? - help, Dir - move target cursor You are very lightly contaminated with residual magic.
As you read the scroll of blinking, it crumbles to dust.
An ogre comes into view. It is wielding a +0 giant club.
The centaur shoots an arrow.
The arrow hits you but does no damage.
You closely miss the ogre. You barely miss the ogre. The ogre misses you.
The kobold closely misses you.
You hit the ogre but do no damage. The kobold is struck by your spines.
The kobold hits you but does no damage.
The ogre hits you with a +0 giant club!!
You die...

............#,,,≈,≈≈....YY.,,,,,,
............#,,,≈,,,.......,,,,,,
............#,_≈,,,,⌠......,,,,,,
............#,,,,**,.......,,,,,,
#....÷....#.########)!.....>,,,,,
##)......##.........†.#,,,,,,,,,,
*#...)....#..#).....##.....,,,,,,
##..)).....................,,,,,,
#)..#<...#...chK@O......#..,,,,,*
....#...o####Y.K..#....##,,,,,,,,
...#)....###.Y.K.....#.#*,,,,,,,,
.........o)..#...........,,,*,,,,
..####.####†.H.......#....,,***,,
..##.....##.........#####.,** *,*
..#.......#..........# *,** ***
..#.......#.........## ***
......_.......#.##.##


You could see a hippogriff, 2 yaks, an orc warrior, an ogre, a centaur, a howler
monkey and 3 kobolds.

Vanquished Creatures
  Pikel (D:8)
  The ghost of kandel6 the Chiller, a novice DEIE (D:6)
  Prince Ribbit (D:5)
  A hippogriff (D:8)
  A wraith (Ossuary)
  A spriggan (D:8)
  2 yaks (D:9)
  Eustachio (D:5)
  3 ice beasts
  3 black bears (D:7)
  Purgy (Sewer)
  An orc warrior (D:8)
  A sky beast (D:8)
  4 ogres
  6 centaurs
  2 crocodiles
  A big kobold (D:9)
  5 bullfrogs
  A wyvern zombie (D:8)
  6 scorpions
  9 killer bees
  A howler monkey (D:9)
  A crimson imp (D:6)
  A bullfrog zombie (D:5)
  A jelly (D:8)
  5 hounds
  A human zombie (Ossuary)
  2 bullfrog skeletons
  2 orc priests
  10 worker ants
  Ijyb (D:5)
  Natasha (thrice) (D:3)
  5 iguanas
  5 orc wizards
  4 mummies
  3 worker ant zombies
  5 gnolls
  A river rat (D:4)
  9 adders
  2 shadow imps (D:5)
  3 adder skeletons
  5 worms
  4 leopard geckos
  32 orcs
  10 giant cockroaches
  A gnoll zombie (Ossuary)
  10 goblins
  12 hobgoblins
  7 jackals
  7 kobolds
  5 quokkas
  6 ball pythons
  7 bats
  7 frilled lizards
  3 goblin zombies (Ossuary)
  3 hobgoblin zombies (Ossuary)
  A jackal skeleton (D:8)
  A kobold zombie (Ossuary)
  A leopard gecko zombie (D:7)
  An orc zombie (Ossuary)
  9 rats
249 creatures vanquished.

Vanquished Creatures (others)
  A howler monkey (D:8)
1 creature vanquished.

Grand Total: 250 creatures vanquished

Notes
Turn   | Place    | Note
-------+----------+-------------------------------------------
     0 | D:1      | Frank2 the Demonspawn Gladiator began the quest for the
                  | Orb.
     0 | D:1      | Reached XP level 1. HP: 16/16 MP: 1/1
   182 | D:1      | Gained mutation: You are partially covered in sharp spines.
                  | [demonic ancestry]
   182 | D:1      | Reached XP level 2. HP: 22/22 MP: 2/2
   278 | D:1      | Reached skill level 3 in Maces & Flails
   770 | D:2      | Gained mutation: You sometimes gain a little power by
                  | taking damage. [demonic ancestry]
   770 | D:2      | Reached XP level 3. HP: 27/27 MP: 3/3
   831 | D:2      | Found an iron altar of Okawaru.
   895 | D:2      | Reached skill level 1 in Armour
   901 | D:2      | Gained mutation: You are mostly covered in sharp spines.
                  | [demonic ancestry]
   901 | D:2      | Reached XP level 4. HP: 11/33 MP: 4/4
  1780 | D:3      | Reached skill level 4 in Maces & Flails
  1826 | D:3      | Noticed Natasha
  1831 | D:3      | Killed Natasha
  1831 | D:3      | Reached XP level 5. HP: 26/38 MP: 5/5
  1970 | D:3      | Found a hide-covered altar of Uskayaw.
  1971 | D:3      | Noticed Natasha
  1981 | D:3      | Killed Natasha
  2314 | D:3      | Noticed Natasha
  2320 | D:3      | Killed Natasha
  2320 | D:3      | Gained mutation: You sometimes gain power by taking damage.
                  | [demonic ancestry]
  2320 | D:3      | Reached XP level 6. HP: 38/46 MP: 6/6
  2462 | D:4      | Found a sparkling altar of Nemelex Xobeh.
  2464 | D:4      | Reached skill level 5 in Maces & Flails
  2630 | D:4      | Found a glowing drain.
  2634 | Sewer    | Entered a sewer
  2768 | Sewer    | Noticed Purgy
  2774 | Sewer    | Killed Purgy
  2774 | Sewer    | Gained mutation: You have a somewhat thin skeletal
                  | structure. (Dex +2, Stealth) [demonic ancestry]
  2774 | Sewer    | Reached XP level 7. HP: 45/52 MP: 7/7
  3046 | D:4      | HP: 1/52 [iguana (8)]
  3410 | D:4      | Reached skill level 6 in Maces & Flails
  3882 | D:5      | Entered Level 5 of the Dungeon
  3919 | D:5      | Reached XP level 8. HP: 58/60 MP: 8/8
  3958 | D:5      | Noticed Prince Ribbit
  3973 | D:5      | Killed Prince Ribbit
  4241 | D:5      | Reached skill level 7 in Maces & Flails
  4257 | D:5      | Noticed Ijyb
  4258 | D:5      | Paralysed by Ijyb for 3 turns
  4270 | D:5      | Paralysed by Ijyb for 5 turns
  4279 | D:5      | Killed Ijyb
  4403 | D:5      | Found an ornate altar of the Wu Jian Council.
  4530 | D:5      | Noticed Eustachio
  4534 | D:5      | Found a staircase to the Ecumenical Temple.
  4560 | D:5      | Killed Eustachio
  4691 | D:5      | Reached skill level 5 in Armour
  4758 | D:6      | Found an ornate altar of the Wu Jian Council.
  4764 | D:6      | Gained mutation: You are powered by pain. [demonic
                  | ancestry]
  4764 | D:6      | Reached XP level 9. HP: 67/67 MP: 9/9
  4817 | D:6      | Reached skill level 8 in Maces & Flails
  4920 | D:6      | Reached skill level 5 in Fighting
  4962 | D:6      | Found Gerenuda's Book Emporium.
  4987 | D:6      | Found Gozag's Platinum Reserve.
  4987 | D:6      | Found an opulent altar of Gozag.
  5308 | D:6      | Found a runed translucent door.
  5313 | D:6      | Noticed kandel6's ghost (novice DEIE)
  5342 | D:6      | Found a runed translucent door.
  5399 | D:6      | Reached skill level 5 in Dodging
  5425 | D:6      | Killed kandel6's ghost
  5578 | D:7      | Found a sacrificial altar of Ru.
  5673 | D:7      | Got a faintly glowing silver ring
  5687 | D:7      | Reached skill level 9 in Maces & Flails
  5777 | D:7      | Found a blossoming altar of Fedhas.
  5850 | D:7      | Found a snail-covered altar of Cheibriados.
  5871 | D:7      | Found a bloodstained altar of Trog.
  6316 | D:8      | Reached XP level 10. HP: 10/76 MP: 10/10
  6385 | D:8      | Found a sand-covered staircase.
  6392 | Ossuary  | Entered an ossuary
  6844 | Ossuary  | Reached skill level 1 in Evocations
  7001 | D:8      | Reached skill level 10 in Maces & Flails
  7630 | D:8      | Noticed Pikel
  7644 | D:8      | Killed Pikel
  7888 | D:9      | Found a shimmering altar of Xom.
  8047 | D:9      | Slain by an ogre

Levels and vault maps discovered:
D:1:      dpeg_arrival_lava_altar, layout_basic, minmay_3d_cube
D:2:      layout_basic, lemuel_round_altar
D:3:      layout_basic, eat_drink_and_be_merry_uskayaw, uniq_natasha
D:4:      layout_gridville, nemelex_xobeh_ov_fountains_minmay, first_ration,
          gup_sewer_entry_bowl
D:5:      layout_basic, minmay_temple_entry_sparse_star, basic_altar, uniq_ijyb,
          uniq_eustachio, uniq_prince_ribbit1
D:6:      layout_basic, old_standard_altar, nicolae_gozag_zags_fifth_avenue,
          ebering_ghost_sewer_f, serial_shops, shop
D:7:      layout_basic, trog_ov_bears_minmay, cheibriados_altar_1,
          overflow_temple_1_default, nicolae_ru_great_annihilating_truth
D:8:      layout_loops_ring, gup_ossuary_entry_pyramid, the_bakery,
          serial_bayou_pond_c, minmay_between, uniq_pikel
D:9:      layout_cave_pools, old_standard_altar, kiku_gazebo_pond_becter,
          grunt_qazlal_clouds, hiddenorc1_lemuel, enter_bailey_7,
          nicolae_benzene_ring, serial_bayou_crossing, uniq_harold

Skill      XL: |  1  2  3  4  5  6  7  8  9 10 |
---------------+-------------------------------+-----
Dodging        | 3 4 5 6 |  6.2
Maces & Flails | 3 4 5 6 7 9 10 | 10.8
Armour         | 1 2 3 5 6 |  6.4
Fighting       | 3 4 5 6 |  6.6
Evocations     | 1 |  1.5
Throwing       | |  1.7

Action                   |  1- 3 |  4- 6 |  7- 9 | 10-12 || total
-------------------------+-------+-------+-------+-------++-------
Melee: Flail             |    76 |   130 |   291 |   183 ||   680
Throw: Throwing net      |     2 |     1 |       |       ||     3
Evoke: Wand              |       |     1 |     5 |       ||     6
  Use: Scroll            |     5 |     7 |     6 |     5 ||    23
       Potion            |       |     2 |     7 |       ||     9
 Stab: Held in net/web   |     2 |       |       |       ||     2
       Sleeping          |       |       |     3 |     4 ||     7
       Invisible         |       |       |     2 |       ||     2
       Paralysed         |       |       |     1 |       ||     1
  Eat: Chunk             |       |     6 |    10 |     3 ||    19
       Ration            |       |       |       |     1 ||     1
Armor: Leather armour    |    11 |       |       |       ||    11
       Ring mail         |     5 |    49 |    77 |    43 ||   174
Dodge: Dodged            |    49 |    67 |   184 |   109 ||   409
